 Dungeon Crawl Stone Soup version 0.26-b1-32-g5d43845318 (webtiles) character file.

Game seed: 9291756965084992763

3783 Borgoz the Basher (level 10, -2/63 HPs)
             Began as a Gargoyle Gladiator on Jan 12, 2021.
             Slain by a two-headed ogre
             ... wielding a +0 giant club
              (23 damage)
             ... on level 8 of the Dungeon.
             The game lasted 00:09:37 (6681 turns).

Borgoz the Basher (Gargoyle Gladiator)              Turns: 6681, Time: 00:09:37

Health: -2/63      AC: 17    Str: 19    XL:     10   Next: 16%
Magic:  10/10      EV: 13    Int:  7    God:
Gold:   440        SH:  3    Dex: 14    Spells: 6/9 levels left

rFire    + . .     SeeInvis .   q - +5 flail (freeze)
rCold    + . .     Faith    .   s - +0 buckler
rNeg     + . .     Spirit   .   t - +1 ring mail of Udoreb {rElec Int-3 Dex+2}
rPois    ∞         Reflect  .   (helmet restricted)
rElec    +         Harm     .   o - +0 cloak
rCorr    +         Rampage  .   h - +0 pair of gloves
Will     .....                  (no boots)
Stlth    +.........             (no amulet)
HPRegen  0.20/turn              x - ring of resist corrosion
MPRegen  0.12/turn              b - ring of protection from cold

@: no status effects
A: beak, fire resistance 1, negative energy resistance 1, electricity
resistance, unbreathing, petrification resistance, miasma immunity, AC +7
a: no special abilities


You were on level 8 of the Dungeon.
You visited 1 branch of the dungeon, and saw 8 of its levels.

You collected 440 gold pieces.

Inventory:

Hand Weapons
 q - a +5 flail of freezing (weapon)
Missiles
 d - 2 throwing nets (quivered)
Armour
 h - a +0 pair of gloves (worn)
 o - a +0 cloak (worn)
 s - a +0 buckler (worn)
 t - the +1 ring mail of Udoreb (worn) {rElec Int-3 Dex+2}
   (You found it on level 5 of the Dungeon)

   It affects your intelligence (-3).
   It affects your dexterity (+2).
   It insulates you from electricity.
Jewellery
 b - a ring of protection from cold (right hand)
 n - an uncursed ring of flight
 x - a ring of resist corrosion (left hand)
Wands
 c - a wand of paralysis (11)
 g - a wand of iceblast (4)
 j - a wand of acid (7)
Scrolls
 k - 7 scrolls of teleportation
 r - a scroll of enchant weapon
 v - 2 scrolls of remove curse
 y - a scroll of vulnerability {unknown}
Potions
 a - a potion of resistance
 e - 2 potions of might
 f - a potion of flight
 i - 4 potions of curing
 m - a potion of cancellation
 p - 4 potions of mutation
 u - a potion of lignification {unknown}
 w - a potion of magic


   Skills:
 + Level 7.3 Fighting
 * Level 9.6 Maces & Flails
 - Level 1.7 Throwing
 + Level 6.8 Armour
 + Level 5.8 Dodging


You had 6 spell levels left.
You knew the following spells:

 Your Spells              Type           Power        Failure   Level
a - Vampiric Draining     Necr           0%           98%         3

Your spell library contained the following spells:

 Spells                   Type           Power        Failure   Level
 Animate Skeleton         Necr           0%           77%         1
 Apportation              Tloc           0%           77%         1
 Corona                   Hex            0%           77%         1
 Pain                     Necr           0%           77%         1
 Summon Small Mammal      Summ           0%           77%         1
 Animate Dead             Necr           0%           100%        4
 Agony                    Necr           0%           100%        5


Dungeon Overview and Level Annotations

Branches:
Dungeon (8/15)             Temple (0/1) D:5
   Lair: D:8-11

Altars:
Hepliaklqana
Kikubaaqudgha
Qazlal
Wu Jian
The Shining One


Innate Abilities, Weirdness & Mutations

You are resistant to torment.
Your stone body is resilient. (AC +7)
You are immune to poison.
You resist negative energy. (rN+)
You are resistant to electric shocks. (rElec)
You can survive without breathing.
You are immune to petrification.
You are immune to miasma.
You have a beak for a mouth.
Your flesh is heat resistant. (rF+)


Message History

The two-headed ogre is splashed with acid!
The acid corrodes the two-headed ogre!
The two-headed ogre is moderately wounded.
The gnoll shouts!
You hear a shout!
The two-headed ogre hits you with a +0 giant club!! x2
* * * LOW HITPOINT WARNING * * *
You are too injured to fight recklessly!
You are too injured to fight recklessly!
You feel much better.
You sock the two-headed ogre! You freeze the two-headed ogre.
You peck the two-headed ogre.
The two-headed ogre is heavily wounded.
The two-headed ogre hits you with a +0 giant club.
The two-headed ogre hits you with a +0 giant club!
The gnoll hits you but does no damage.
You bludgeon the two-headed ogre!! You freeze the two-headed ogre.
The two-headed ogre is almost dead.
The two-headed ogre misses you.
The two-headed ogre hits you with a +0 giant club!!
You die...

#. #...#..(.# ##.
######..###.#.# ##...
....#..###....#
###...###........##...##
.......#..#####........# #
#.........#.##.........#
#.##..#....................
#.....#.................#
####>...##.@...............
......)))[))O....##.......>
.####..††##.g.....#.#......
#...####......###....#.
#..## ##...#...##...# ....
#............# ......
........#.#### ....##.
...##....# # #..# ## ...##
#...#


You could see a two-headed ogre (corroded) and a gnoll.

Vanquished Creatures
  Psyche (D:8)
  Grinder (D:3)
  Sigmund (D:3)
  A wyvern (D:8)
  Menkaure (D:4)
  A water moccasin (D:6)
  3 orc warriors
  A phantom (D:6)
  A sky beast (D:7)
  A black bear (D:8)
  An ogre (D:5)
  2 centaurs (D:6)
  A big kobold (D:7)
  2 gnoll sergeants
  A bullfrog (D:7)
  A scorpion (D:6)
  3 killer bees (D:8)
  3 wights (D:2)
  2 howler monkeys
  A jelly (D:6)
  3 centaur zombies
  2 bullfrog skeletons
  3 orc priests
  Crazy Yiuf (D:2)
  10 hounds
  6 orc wizards
  A gnoll shaman (D:8)
  An iguana (D:5)
  Terence (D:2)
  Jessica (D:3)
  5 worker ants
  2 hound skeletons
  2 worker ant zombies
  6 adders
  9 gnolls
  A shadow imp (D:5)
  3 white imps (D:7)
  An ufetubus (D:7)
  3 oozes
  5 worms
  2 dart slugs (D:1)
  3 leopard geckos
  20 orcs
  2 giant cockroaches
  6 goblins
  5 hobgoblins
  14 jackals
  4 quokkas
  2 ball pythons
  6 bats
  5 frilled lizards
  A jackal skeleton (D:6)
  13 kobolds
  A leopard gecko skeleton (D:8)
  10 rats
189 creatures vanquished.

Vanquished Creatures (others)
  2 fungi (D:2)
2 creatures vanquished.

Grand Total: 191 creatures vanquished

Notes
Turn   | Place    | Note
-------+----------+-------------------------------------------
     0 | D:1      | Borgoz the Gargoyle Gladiator began the quest for the Orb.
     0 | D:1      | Reached XP level 1. HP: 12/12 MP: 1/1
   335 | D:1      | Reached XP level 2. HP: 18/18 MP: 2/2
   839 | D:1      | Reached skill level 1 in Armour
  1234 | D:1      | Reached XP level 3. HP: 22/22 MP: 3/3
  1702 | D:2      | Found a runed translucent door.
  1703 | D:2      | Noticed Crazy Yiuf
  1771 | D:2      | Reached XP level 4. HP: 9/27 MP: 4/4
  1968 | D:2      | Reached skill level 4 in Maces & Flails
  1968 | D:2      | Reached XP level 5. HP: 26/32 MP: 5/5
  2023 | D:2      | Found a stormy altar of Qazlal.
  2134 | D:2      | Noticed Terence
  2138 | D:2      | Killed Terence
  2414 | D:2      | Killed Crazy Yiuf
  2415 | D:2      | Reached XP level 6. HP: 16/37 MP: 6/6
  2727 | D:3      | Noticed Grinder
  2739 | D:3      | Paralysed by Grinder for 5 turns
  2749 | D:3      | Killed Grinder
  2750 | D:3      | Reached skill level 5 in Maces & Flails
  2750 | D:3      | Reached XP level 7. HP: 34/43 MP: 7/7
  2973 | D:3      | Found an ancient bone altar of Kikubaaqudgha.
  3066 | D:3      | Noticed Jessica
  3067 | D:3      | Killed Jessica
  3140 | D:3      | Noticed Sigmund
  3149 | D:3      | Killed Sigmund
  3330 | D:4      | Reached skill level 6 in Maces & Flails
  3520 | D:4      | Noticed Menkaure
  3532 | D:4      | Killed Menkaure
  3533 | D:4      | Reached XP level 8. HP: 46/48 MP: 8/8
  3665 | D:4      | Found a glowing golden altar of the Shining One.
  3796 | D:5      | Entered Level 5 of the Dungeon
  3940 | D:5      | Reached skill level 5 in Fighting
  4048 | D:5      | Got an ancient ring mail
  4059 | D:5      | Identified the +1 ring mail of Udoreb {rElec Int-3 Dex+2}
                  | (You found it on level 5 of the Dungeon)
  4123 | D:5      | Found a staircase to the Ecumenical Temple.
  4497 | D:6      | Reached skill level 7 in Maces & Flails
  4631 | D:6      | Reached skill level 5 in Armour
  4686 | D:6      | Reached XP level 9. HP: 50/55 MP: 9/9
  4977 | D:6      | Reached skill level 8 in Maces & Flails
  5001 | D:6      | Reached skill level 5 in Dodging
  5433 | D:7      | HP: 1/55 [orc warrior/+0 glaive (19)]
  5435 | D:7      | Gained mutation: Your flesh is heat resistant. (rF+)
                  | [potion of mutation]
  5435 | D:7      | Gained mutation: You have a beak for a mouth. [potion of
                  | mutation]
  6375 | D:7      | Learned a level 3 spell: Vampiric Draining
  6434 | D:8      | Found an ornate altar of the Wu Jian Council.
  6517 | D:8      | Reached skill level 9 in Maces & Flails
  6524 | D:8      | Found a hazy altar of Hepliaklqana.
  6601 | D:8      | Noticed Psyche
  6628 | D:8      | Killed Psyche
  6629 | D:8      | Reached XP level 10. HP: 28/63 MP: 8/10
  6671 | D:8      | Noticed a two-headed ogre
  6681 | D:8      | Slain by a two-headed ogre

Illustrated notes

Levels and vault maps discovered:
D:1:      mushboom_english_gardens, layout_basic
D:2:      layout_rooms, grunt_qazlal_sundering, uniq_crazy_yiuf_cottage,
          uniq_terence
D:3:      layout_basic, lemuel_coloured_pillars_altar, uniq_sigmund,
          uniq_grinder, uniq_jessica
D:4:      layout_rooms, nicolae_tso_carved_into_rock, minmay_misc_feat_cross,
          uniq_menkaure
D:5:      cheibrodos_helix_gallery, layout_basic, minmay_temple_entry_slanted
D:6:      layout_basic, minmay_door_square
D:7:      layout_loops_corners
D:8:      layout_cave_pools, grunt_temple_overflow_open, kennysheep_mini_moat,
          serial_gnoll_camp, gnoll_camp_mini_house, gnoll_camp_mini_doghouse,
          gnoll_camp_huts_basic, gnoll_camp_mini_house, gnoll_camp_mini_hut,
          uniq_psyche

Skill      XL: |  1  2  3  4  5  6  7  8  9 |
---------------+----------------------------+-----
Armour         | 1 2 3 4 5 6 |  6.8
Fighting       | 3 4 5 7 |  7.3
Maces & Flails | 4 5 6 7 9 |  9.6
Dodging        | 3 4 5 |  5.8
Throwing       | |  1.7

Action                   |  1- 3 |  4- 6 |  7- 9 | 10-12 || total
-------------------------+-------+-------+-------+-------++-------
Melee: Flail             |   195 |    69 |   395 |    29 ||   688
       Peck              |       |       |    19 |     3 ||    22
Throw: Throwing net      |     2 |       |       |       ||     2
Evoke: Wand              |       |       |       |     1 ||     1
  Use: Scroll            |     3 |       |    13 |       ||    16
       Potion            |       |       |     2 |     3 ||     5
 Stab: Invisible         |       |       |     1 |       ||     1
Armor: Leather armour    |    73 |    29 |    56 |       ||   158
       Ring mail         |       |       |   152 |    17 ||   169
Dodge: Dodged            |   169 |    77 |   276 |    22 ||   544
Block: Buckler           |       |       |    52 |     5 ||    57
